 Dungeon Crawl Stone Soup version 0.22-a0-409-gb855193 (webtiles) character file.

1495 GameOver the Cutter (level 8, 0/59 HPs)
             Began as a Barachi Chaos Knight on May 10, 2018.
             Slain by a leopard gecko (2 damage)
             ... on level 7 of the Dungeon.
             The game lasted 00:21:30 (3997 turns).

GameOver the Cutter (Barachi Chaos Knight)          Turns: 3997, Time: 00:21:33

Health: 0/59       AC:  8    Str: 14    XL:     8   Next: 81%
Magic:  12/12      EV: 12    Int: 15    God:    Xom [...*..]
Gold:   313        SH:  0    Dex: 11    Spells: 9/13 levels left

rFire    . . .     SeeInvis .   u - +2 dire flail (protect)
rCold    + . .     Gourm    .   (shield currently unavailable)
rNeg     . . .     Faith    .   n - +2 ring mail {rPois}
rPois    +         Spirit   .   (no helmet)
rElec    .         Reflect  .   (no cloak)
rCorr    .         Harm     .   (no gloves)
MR       .....                  (no boots)
Stlth    +.........             (no amulet)
HPRegen  0.19/turn              v - ring of protection from cold
MPRegen  0.13/turn              y - ring of wizardry (curse)

@: lethally poisoned (0 -> -5), slow
A: +LOS, swims, slowness 1, strong legs 1
a: Hop, Renounce Religion


You were on level 7 of the Dungeon.
You worshipped Xom.
You were a favourite toy of Xom.
You were not hungry.

You visited 1 branch of the dungeon, and saw 7 of its levels.

You collected 313 gold pieces.

Inventory:

Hand Weapons
 a - a +0 falchion of chaos
 h - a +2 short sword of electrocution
 l - a +0 long sword
 u - a +2 dire flail of protection (weapon)
Missiles
 b - 2 javelins of returning
 e - 7 tomahawks of returning (quivered)
 m - 26 sling bullets
 p - 20 bolts
 s - 79 arrows
Armour
 n - a +2 ring mail of poison resistance (worn)
Jewellery
 v - a ring of protection from cold (left hand)
 y - a cursed ring of wizardry (right hand)
Wands
 g - a wand of random effects (27)
 z - a wand of polymorph (6)
Scrolls
 d - a scroll of enchant armour
 f - a scroll of random uselessness
 i - a scroll of blinking
 j - 9 scrolls of remove curse
 k - 4 scrolls of magic mapping
 o - a scroll of enchant weapon
 q - 2 scrolls of amnesia
 r - a scroll of fog
 t - a scroll of teleportation
Potions
 x - a potion of heal wounds
Comestibles
 c - 14 rations
 w - a chunk of flesh


   Skills:
 - Level 3.6 Fighting
 - Level 6.3(6.8) Short Blades
 - Level 4.1(6.0) Long Blades
 * Level 1.2 Maces & Flails
 + Level 5.6 Armour
 + Level 4.7 Dodging
 - Level 3.1 Spellcasting
 - Level 3.8 Summonings
 - Level 3.5 Air Magic


You had 9 spell levels left.
You knew the following spells:

 Your Spells              Type           Power        Failure   Level  Hunger
q - Summon Lightning Spi  Summ/Air       ##......     32%         4    #####..


Dungeon Overview and Level Annotations

Branches:
Dungeon (7/15)             Temple (0/1) D:5

Altars:
Ashenzari
Makhleb
Qazlal
Ru


Innate Abilities, Weirdness & Mutations

Shadows flee at your approach. (+LOS)
You can swim through water.
You cover ground slowly.
You can hop short distances.


Message History

Unknown command.
You barely miss the killer bee.
The killer bee is moderately wounded.
The killer bee stings you but does no damage.
The killer bee misses you. The leopard gecko barely misses you.
Your iron imp hits the killer bee.
The killer bee stings you!
* * * LOW HITPOINT WARNING * * *
You are poisoned.
The killer bee poisons you!
The leopard gecko bites you but does no damage.
Your iron imp misses the killer bee.
You miss the killer bee.
The killer bee is heavily wounded.
You feel sick.
The killer bee stings you but does no damage.
The killer bee stings you.
* * * LOW HITPOINT WARNING * * *
The leopard gecko bites you.
You die...
Xom yawns loudly!

##.#.........###...#
#...................
..............#.....
#...#.#####...# ###..
#####.####....#......
#............#
#######..###.# ##..
#....5l#......
#...#@y$..#
#...#.###.# #...#..
#......# ...###[#
##... .# #... .) #...
## #...


You could see a killer bee, a leopard gecko and a friendly iron imp.

Vanquished Creatures
  Edmund (D:6)
  Duvessa (D:5)
  2 ice beasts
  2 phantoms
  A sky beast (D:5)
  An ogre (D:4)
  Dowan (D:5)
  A killer bee (D:7)
  A howler monkey (D:4)
  A crimson imp (D:6)
  A hound (D:4)
  3 orc priests
  3 orc wizards
  3 bullfrog skeletons
  3 iguanas
  A worker ant (D:6)
  4 gnolls (D:5)
  8 adders
  A shadow imp (D:6)
  An ooze (D:2)
  An adder zombie (D:5)
  2 worms
  A leopard gecko (D:3)
  18 orcs
  2 ball pythons
  2 giant cockroaches
  5 goblins
  8 hobgoblins
  5 jackals
  2 quokkas
  5 bats
  5 frilled lizards
  A jackal skeleton (D:5)
  A jackal zombie (D:5)
  6 kobolds
  A leopard gecko skeleton (D:7)
  A quokka skeleton (D:4)
  4 rats
110 creatures vanquished.

Vanquished Creatures (collateral kills)
  An orc wizard (D:7)
  An orc (D:7)
  A quokka (D:6)
3 creatures vanquished.

Grand Total: 113 creatures vanquished

Notes
Turn   | Place    | Note
-------+----------+-------------------------------------------
     0 | D:1      | GameOver the Barachi Chaos Knight began the quest for the Orb.
     0 | D:1      | Reached XP level 1. HP: 18/18 MP: 1/1
   215 | D:1      | Found a shattered altar of Ashenzari.
   273 | D:1      | XOM: silly message
   279 | D:1      | Reached XP level 2. HP: 15/24 MP: 2/2
   310 | D:1      | XOM: harmless Necr miscast
   340 | D:1      | XOM: harmless Air miscast
   477 | D:2      | Reached skill level 1 in Short Blades
   477 | D:2      | Reached XP level 3. HP: 25/29 MP: 3/3
   716 | D:2      | Reached skill level 2 in Short Blades
   716 | D:2      | Reached XP level 4. HP: 27/36 MP: 4/4
   738 | D:2      | Noticed a phantom
   757 | D:2      | XOM: mild Air miscast
   759 | D:2      | XOM: cast spell 'Summon Butterflies'
   761 | D:2      | Killed a phantom
   761 | D:2      | Reached skill level 3 in Short Blades
   761 | D:2      | Reached XP level 5. HP: 12/41 MP: 5/5
   932 | D:2      | XOM: harmless Conj miscast
  1047 | D:2      | XOM: cloud trail
  1054 | D:3      | XOM: noise
  1091 | D:3      | Found a stormy altar of Qazlal.
  1145 | D:3      | Learned a level 4 spell: Summon Lightning Spire
  1198 | D:3      | Reached XP level 6. HP: 33/47 MP: 6/6
  1236 | D:3      | Reached skill level 1 in Summonings
  1581 | D:3      | You fall through a shaft for 3 floors!
  1615 | D:5      | Entered Level 5 of the Dungeon
  1615 | D:5      | Noticed Duvessa
  1615 | D:5      | Noticed Dowan
  1629 | D:5      | Killed Duvessa
  1629 | D:5      | Reached skill level 4 in Short Blades
  1629 | D:5      | Reached skill level 1 in Spellcasting
  1629 | D:5      | Reached skill level 1 in Air Magic
  1631 | D:5      | Killed Dowan
  1671 | D:4      | Noticed a phantom
  1738 | D:4      | Killed a phantom
  1738 | D:4      | Reached XP level 7. HP: 46/52 MP: 7/9
  1777 | D:4      | Found a sacrificial altar of Ru.
  1944 | D:4      | Found a burning altar of Makhleb.
  1957 | D:4      | XOM: harmless Fire miscast
  2269 | D:4      | Reached skill level 5 in Short Blades
  2333 | D:4      | XOM: harmless Conj miscast
  2749 | D:5      | XOM: potion effect (curing)
  2750 | D:5      | XOM: divination: magic mapping
  2793 | D:5      | Reached XP level 8. HP: 23/59 MP: 11/11
  2876 | D:5      | XOM: 1-stop teleportation journey
  2986 | D:5      | Reached skill level 5 in Armour
  3068 | D:5      | Found a staircase to the Ecumenical Temple.
  3085 | D:5      | XOM: destruction
  3417 | D:6      | XOM: god gift: long sword {god gift}
  3540 | D:6      | Noticed Edmund
  3551 | D:6      | Reached skill level 6 in Short Blades
  3558 | D:6      | XOM: summons friendly shadow imp
  3563 | D:6      | Killed Edmund
  3565 | D:6      | XOM: cast spell 'Summon Horrible Things'
  3839 | D:6      | XOM: divination: detect items
  3941 | D:7      | XOM: summons friendly iron imp
  3942 | D:7      | XOM: butterfly on damage
  3960 | D:7      | Reached skill level 1 in Maces & Flails
  3997 | D:7      | HP: 2/59 [killer bee (6)]
  3997 | D:7      | Slain by a leopard gecko

Vault maps used:
D:1:      scummos_arrival_star, fountainhead, evilmike_ruin_ashenzari
D:2:      roderic_serpentine_path, hangedman_decor_push, serial_park_tiny_2,
          minivault_26
D:3:      first_ration, minmay_misc_feat_enclosed, grunt_qazlal_sundering
D:4:      lemuel_doored_altar, makhleb_heckhound_becter
D:5:      temple_green, uniq_duvessa
D:6:      uniq_edmund
D:7:      hangedman_cross_stitches, amethyst_overflow_temple_binary,
          minmay_mini_ossuary

Skill      XL: |  1  2  3  4  5  6  7  8 |
---------------+-------------------------+-----
Long Blades    | 4 |  4.1
Short Blades   | 1 2 3 4 5 6 |  6.3
Armour         | 3 4 5 |  5.6
Dodging        | 2 3 4 |  4.7
Summonings     | 2 3 |  3.8
Spellcasting   | 1 2 3 |  3.1
Air Magic      | 1 2 3 |  3.5
Maces & Flails | 1 |  1.2
Fighting       | |  3.6

Action                   |  1- 3 |  4- 6 |  7- 9 || total
-------------------------+-------+-------+-------++-------
Melee: Falchion          |    21 |       |    13 ||    34
       Short sword       |    50 |    97 |   138 ||   285
       Dire flail        |       |       |    48 ||    48
 Abil: Hop               |     1 |       |       ||     1
Evoke: Wand              |       |       |     6 ||     6
  Use: Potion            |       |     4 |     4 ||     8
       Scroll            |       |       |    10 ||    10
 Stab: Petrified         |       |       |     5 ||     5
       Distracted        |       |       |     1 ||     1
  Eat: Chunk             |       |     4 |     8 ||    12
Armor: Leather armour    |    19 |    22 |    17 ||    58
       Skin              |       |     1 |       ||     1
       Ring mail         |       |       |    49 ||    49
Dodge: Dodged            |    26 |    44 |   105 ||   175
       Rpst.: Falchion   |     3 |       |       ||     3

Table legend:
 A = Spawn XP
 B = Non-spawn XP
 C = Spawn XP percentage of total XP
 D = Spawn monster count
 E = Non-spawn monster count
 F = Spawn count percentage of total count
 G = Total turns spent on level
                    A         B        C        D         E        F      G
               +---------+---------+-------+---------+---------+-------+---------
         Total |       0 |    2136 |   0.0 |       0 |     113 |   0.0 |  3997
               +---------+---------+-------+---------+---------+-------+---------
           D:1 |       0 |      22 |   0.0 |       0 |      12 |   0.0 |   465
           D:2 |       0 |     195 |   0.0 |       0 |      18 |   0.0 |   589
           D:3 |       0 |     120 |   0.0 |       0 |      21 |   0.0 |   529
           D:4 |       0 |     479 |   0.0 |       0 |      17 |   0.0 |  1025
           D:5 |       0 |     806 |   0.0 |       0 |      27 |   0.0 |   698
           D:6 |       0 |     406 |   0.0 |       0 |      11 |   0.0 |   588
           D:7 |       0 |     108 |   0.0 |       0 |       7 |   0.0 |   103
               +---------+---------+-------+---------+---------+-------+---------
